 Dungeon Crawl Stone Soup version 0.29.1-12-g30fa7ad0bf (webtiles) character file.

Game seed: 5398579362493475263

330 mopl the Chopper (level 6, -1/44 HPs)
             Began as a Formicid Warper on Jan 6, 2023.
             Slain by an ogre
             ... wielding a +0 giant club
              (6 damage)
             ... on level 5 of the Dungeon.
             The game lasted 00:05:47 (3137 turns).

mopl the Chopper (Formicid Warper)                  Turns: 3137, Time: 00:05:47

Health: -1/44      AC:  9    Str: 18    XL:     6   Next: 81%
Magic:  9/9        EV:  7    Int: 12    God:
Gold:   55         SH:  0    Dex: 13    Spells: 9/9 levels left

rFire   . . .      SeeInvis +   a - +1 war axe (venom)
rCold   . . .      Faith    .   (no shield)
rNeg    . . .      Spirit   .   m - +0 chain mail
rPois   .          Reflect  .   (helmet unavailable)
rElec   .          Harm     .   f - +0 cloak
rCorr   .          Rampage  .   (no gloves)
Will    .....                   (no boots)
Stlth   ..........              (no amulet)
HPRegen 0.14/turn               (no ring)
MPRegen 0.11/turn               (no ring)

@: no status effects
A: permanent stasis, dig shafts and tunnels, antennae 3, four strong arms
a: Dig, Shaft Self


You were on level 5 of the Dungeon.
You visited 1 branch of the dungeon, and saw 5 of its levels.

You collected 55 gold pieces.

Inventory:

Hand Weapons
 a - a +1 war axe of venom (weapon)
Missiles
 c - 7 boomerangs of dispersal (quivered)
 e - 2 boomerangs
Armour
 f - a +0 cloak (worn)
 m - a +0 chain mail (worn)
Jewellery
 i - a ring of fire
Scrolls
 b - 2 scrolls of teleportation {unknown}
 d - a scroll of amnesia {unknown}
 h - a scroll of identify
 j - 2 scrolls of butterflies {unknown}
 l - a scroll of magic mapping {unknown}
Potions
 g - a potion of curing


   Skills:
 - Level 2.1 Fighting
 + Level 6.7 Axes
 - Level 1.0 Throwing
 - Level 1.1 Armour
 - Level 1.7 Dodging
 - Level 2.1 Spellcasting
 - Level 2.6 Translocations


You had 9 spell levels left.
You didn't know any spells.
Your spell library contained the following spells:

 Spells                   Type           Power      Damage    Failure   Level
 Apportation              Tloc           14%        N/A       80%         1
 Gell's Gravitas          Tloc           7%         N/A       99%         3
 Lesser Beckoning         Tloc           7%         N/A       99%         3
 Teleport Other           Tloc           7%         N/A       99%         3
 Alistair's Intoxication  Tmut/Pois      0%         N/A       100%        5
 Manifold Assault         Tloc           7%         N/A       100%        5
 Blink                    Tloc           Unusable   N/A       N/A         2

Dungeon Overview and Level Annotations

Branches:
Dungeon (4/15)
 Temple: D:4-7

Altars:
Makhleb
Trog
The Shining One

Annotations:
D:4 Edmund


Innate Abilities, Weirdness & Mutations

You cannot be hasted, slowed, berserked, paralysed or teleported.
You can dig through walls and to a lower floor.
You have a pair of large antennae on your head. (SInv)
Your four strong arms can wield two-handed weapons with a shield.


Message History

* * * LOW HITPOINT WARNING * * *
You slash the adder!
You kill the adder!
* * * LOW HITPOINT WARNING * * *
You feel sick.
You feel better.
You see here an adder corpse.
Okay, then.
An ogre comes into view. It is wielding a +0 giant spiked club.
The ogre shouts!
You hear a shout!
You hear a bark!
An ogre comes into view. It is wielding a +0 giant club.
The ogre moves out of view.
You hear the slow hiss of a distant avalanche of sand.
You see here an adder corpse.
An adder comes into view.
Found 7 gold pieces.
The adder hisses angrily.
The adder closely misses you.
You miss the adder. The adder bites you but does no damage.
The adder bites you.
You are poisoned.
The adder poisons you!
You slash the adder!
You kill the adder!
You feel sick.
You hit the ogre but do no damage.
You feel sick. The ogre closely misses you.
You slash the ogre! You punch the ogre, but do no damage.
The ogre is heavily wounded.
You feel sick.
You slash the ogre!
The ogre is severely wounded.
You feel sick. The ogre hits you with a +0 giant club!
* * * LOW HITPOINT WARNING * * *
Okay, then.
You slash the ogre!
The ogre is poisoned.
The ogre is moderately wounded.
You completely miss the ogre.
You feel sick.
You are no longer poisoned.
The ogre hits you with a +0 giant club.
You die...

.........# #...# ##
........# +#...#+ #..
........#$###.....###.#
........#.............#
........#......⌠......
O.......#...........
#####...# #.....# ###.#
#...# #{# #.O@# #.#
#.O.# #.######...#
#.O{......##
###########


You could see 2 ogres.

Vanquished Creatures
  A phantom (D:4)
  An orc priest (D:3)
  2 orc wizards
  3 gnolls
  5 adders
  A white imp (D:3)
  2 dart slugs
  15 orcs
  3 ball pythons
  6 endoplasms
  3 giant cockroaches
  5 hobgoblins
  2 jackals (D:3)
  7 kobolds
  4 quokkas (D:1)
  5 bats
  5 frilled lizards
  5 goblins
  A goblin zombie (D:3)
  A hobgoblin zombie (D:3)
  A kobold skeleton (D:3)
  A kobold zombie (D:3)
  An orc skeleton (D:3)
  An orc zombie (D:3)
  4 rats
85 creatures vanquished.

Vanquished Creatures (others)
  3 demonic plants (D:1)
  A fungus (D:1)
  A plant (D:1)
  2 withered plants (D:1)
7 creatures vanquished.

Grand Total: 92 creatures vanquished

Notes
Turn   | Place    | Note
-------+----------+-------------------------------------------
     0 | D:1      | mopl the Formicid Warper began the quest for the Orb.
     0 | D:1      | Reached XP level 1. HP: 16/16 MP: 3/3
   480 | D:1      | Found a faded altar of an unknown god.
   499 | D:1      | Reached XP level 2. HP: 18/22 MP: 5/5
   633 | D:1      | Reached skill level 3 in Axes
   893 | D:1      | Reached XP level 3. HP: 25/27 MP: 6/6
  1488 | D:2      | Reached skill level 4 in Axes
  1488 | D:2      | Reached XP level 4. HP: 29/33 MP: 7/7
  1640 | D:2      | Found a bloodstained altar of Trog.
  1678 | D:2      | You fall into a shaft and drop 2 floors!
  1788 | D:3      | Found a glowing golden altar of the Shining One.
  2236 | D:3      | Found a burning altar of Makhleb.
  2380 | D:2      | Reached XP level 5. HP: 28/38 MP: 8/8
  2545 | D:3      | Reached skill level 5 in Axes
  2726 | D:2      | You fall into a shaft and drop 2 floors!
  2908 | D:4      | Noticed a phantom
  2917 | D:4      | Killed a phantom
  2918 | D:4      | Reached skill level 6 in Axes
  2918 | D:4      | Reached XP level 6. HP: 36/44 MP: 9/9
  3026 | D:4      | Noticed Edmund
  3038 | D:4      | HP: 1/44 [gnoll/+0 halberd (11)]
  3040 | D:4      | You fall into a shaft and drop 1 floor!
  3040 | D:5      | Entered Level 5 of the Dungeon
  3088 | D:5      | Noticed an ogre
  3088 | D:5      | Noticed an ogre
  3137 | D:5      | Slain by an ogre

Illustrated notes

Levels and vault maps discovered:
D:1:      dpeg_cavernosity, layout_rooms, serial_bayou, serial_bayou_shore_b,
          serial_bayou_pond_d, serial_bayou_shore_a, serial_bayou_pond_b,
          shapermc_ecumenical_altar_gd
D:2:      cheibrodos_greedy_goblins, layout_basic, basic_altar, minmay_between
D:3:      layout_rooms, nicolae_tso_besieged_by_evil, overflow_temple_1_default,
          minmay_quadrilaterals
D:4:      layout_basic, nzn_hepliaklqana_mist_gate, minmay_misc_feat_iff,
          uniq_edmund
D:5:      minmay_general_purpose_star, layout_basic, nicolae_xom_altar_mimics,
          chequers_ossuary_entry_cave, grunt_ministairs_6, uniq_blork_the_orc

Skill      XL: |  1  2  3  4  5 |
---------------+----------------+-----
Axes           | 3 4 6 |  6.7
Fighting       | |  2.1
Throwing       | |  1.0
Armour         | |  1.1
Dodging        | |  1.7
Spellcasting   | |  2.1
Translocations | |  2.6

Action                   |  1- 3 |  4- 6 || total
-------------------------+-------+-------++-------
Melee: Hand axe          |   120 |    52 ||   172
       Punch             |     2 |     2 ||     4
       War axe           |       |    73 ||    73
       Unarmed           |       |     3 ||     3
 Abil: Shaft Self        |       |     1 ||     1
  Use: Potion            |       |     5 ||     5
       Scroll            |       |     1 ||     1
Armor: Ring mail         |    38 |       ||    38
       Scale mail        |    11 |    41 ||    52
       Skin              |       |     4 ||     4
       Chain mail        |       |    26 ||    26
Dodge: Dodged            |    83 |    81 ||   164
